 Dungeon Crawl Stone Soup version 0.28-a0-1506-g3893175d92 (webtiles) character file.

Game seed: 13996495261724340134

42 comborobin the Skirmisher (level 3, -2/31 HPs)
             Began as a Mummy Delver on Jan 14, 2022.
             Was an Initiate of Cheibriados.
             Slain by a gnoll (4 damage)
             ... on level 4 of the Dungeon.
             The game lasted 00:02:51 (1167 turns).

comborobin the Skirmisher (Mummy Delver)            Turns: 1167, Time: 00:02:52

Health: -2/31      AC:  3    Str: 16    XL:     3   Next: 35%
Magic:  3/3        EV: 11    Int: 10    God:    Cheibriados [......]
Gold:   49         SH:  0    Dex: 16    Spells: 2/2 levels left

rFire   x . .      SeeInvis .   a - +0 mace
rCold   + . .      Faith    .   (no shield)
rNeg    + + +      Spirit   .   b - +0 leather armour
rPois   ∞          Reflect  .   (no helmet)
rElec   .          Harm     .   (no cloak)
rCorr   .          Rampage  .   (no gloves)
Will    .....                   (no boots)
Stlth   ++........              (no amulet)
HPRegen 0.10/turn               (no ring)
MPRegen 0.08/turn               (no ring)

@: very slow
A: cold resistance 1, negative energy resistance 3, torment resistance 2, heat
vulnerability 1, no potions
a: Renounce Religion


You were on level 4 of the Dungeon.
You worshipped Cheibriados.
Cheibriados was noncommittal.
You visited 2 branches of the dungeon, and saw 7 of its levels.

You collected 49 gold pieces.

Inventory:

Hand Weapons
 a - a +0 mace (weapon)
 h - a +0 rapier
 j - a +0 war axe
Armour
 b - a +0 leather armour (worn)
Wands
 f - a wand of digging (1)
 i - a wand of polymorph (10)
Scrolls
 c - 2 scrolls of fog


   Skills:
 + Level 4.5 Fighting
 - Level 1.5 Maces & Flails
 - Level 1.5 Dodging
 - Level 4.1 Stealth


You had 2 spell levels left.
You didn't know any spells.
Your spell library was empty.

Dungeon Overview and Level Annotations

Branches:
Dungeon (8/15)             Temple (1/1) D:6
   Lair: D:8-11

Altars:
Ashenzari
Cheibriados
Dithmenos
Elyvilon
Fedhas
Gozag
Hepliaklqana
Kikubaaqudgha
Makhleb
Nemelex Xobeh
Okawaru
Qazlal
Ru
Sif Muna
Trog
Uskayaw
Vehumet
Wu Jian
Yredelemnul
Zin
The Shining One

Annotations:
D:4 Dowan, Natasha
D:6 exclusion: downstairs


Innate Abilities, Weirdness & Mutations

You are immune to poison.
Your flesh is cold resistant. (rC+)
You are immune to negative energy. (rN+++)
You are immune to unholy pain and torment.
You are vulnerable to heat. (rF-)
You do not drink.


Message History

The gnoll closely misses you.
You thump the gnoll!
The gnoll is severely wounded.
The gnoll hits you but does no damage. The gnoll hits you with a +0 club.
You hit the gnoll.
You kill the gnoll!
Cheibriados appreciates the change of pace.
You see here a +0 club.
There is a stone staircase leading up here.
You start resting.
You hear the rusting of a very distant drain.
You climb upwards.
The gnoll hits you with a +0 club. The gnoll barely misses you.
The gnoll hits you with a +0 club. The gnoll misses you.
There is a stone staircase leading down here.
Unknown command.
Unknown command.
The gnoll hits you with a +0 club. The gnoll hits you with a +0 spear!
* * * LOW HITPOINT WARNING * * *
You climb downwards.
You hear the sound of rushing water.
There is an entrance to a sewer on this level.
Hurry and find it before the portal rusts away!
Level annotation: Dowan, Natasha
There is a stone staircase leading up here.
Unknown command.
Unknown command.
Okay, then.
Aiming: Polymorph
Press: ? - help, Shift-Dir - straight line, f - gnoll
Aim: a gnoll, wielding a +0 club (will become an endoplasm, a bat, or a river rat, chance to affect: 57%)
The gnoll resists with significant effort.
The gnoll closely misses you. The gnoll hits you with a +0 spear.
* * * LOW HITPOINT WARNING * * *
Unknown command.
Aiming: Polymorph
Press: ? - help, Shift-Dir - straight line, f/p - gnoll
Aim: a gnoll, wielding a +0 club (will become an endoplasm, a bat, or a river rat, chance to affect: 57%)
The gnoll evaporates and reforms as an endoplasm!
The gnoll hits you with a +0 spear.
You die...

### #.. .)#
#.# #.# #.#
#.# #.# #.#
#J# ###.## ##
#@# #h... ..
#g#####.#†# .#
#.........##.#
##..........#
#.####.####.#
#.# #.# .# #.#
#.# .. #.#
#.#########
#.#
#.........##


You could see a gnoll and an endoplasm.

Vanquished Creatures
  A centaur skeleton (D:5)
  A gnoll (D:4)
  A hobgoblin (D:4)
  A kobold (D:4)
4 creatures vanquished.

Notes
Turn   | Place    | Note
-------+----------+-------------------------------------------
     0 | D:5      | comborobin the Mummy Delver began the quest for the Orb.
     0 | D:5      | Reached XP level 1. HP: 18/18 MP: 1/1
    71 | D:7      | Noticed an iguana
    99 | D:6      | Found a staircase to the Ecumenical Temple.
   110 | Temple   | Entered the Ecumenical Temple
   363 | Temple   | Became a worshipper of Cheibriados the Contemplative
   388 | D:6      | Noticed a water moccasin
   392 | D:6      | Noticed a sky beast
   392 | D:6      | a water moccasin changed into a sky beast
   567 | D:5      | Noticed a yak
   630 | D:5      | Reached XP level 2. HP: 10/25 MP: 2/2
   630 | D:5      | Reached XP level 3. HP: 12/30 MP: 3/3
   967 | D:5      | Noticed a scorpion
   988 | D:4      | Noticed Natasha
  1017 | D:4      | Noticed Sigmund
  1021 | D:4      | Noticed Sigmund
  1021 | D:4      | Sigmund changed into Sigmund the kobold
  1023 | D:4      | Killed Sigmund the kobold
  1063 | D:4      | Noticed Dowan
  1167 | D:4      | Slain by a gnoll

Illustrated notes

Levels and vault maps discovered:
D:3:      kb_forest_paths, layout_basic, marbit_many_paths, grunt_ministairs_4,
          small_statue_intersection, uniq_jessica, uniq_ijyb
D:4:      layout_loops_ring, portal_sewer_entry_f, uniq_natasha, uniq_duvessa,
          uniq_crazy_yiuf_cottage, uniq_sigmund
D:5:      layout_basic, chequers_serial_rivers_large_b
D:6:      layout_cave_pools, minmay_temple_entry_antechambers, uniq_eustachio,
          uniq_maggie
D:7:      layout_basic, uniq_pikel
D:8:      layout_basic, lemuel_flamethrower_2, uniq_maurice
Temple:   mainiacjoe_temple_archimedes_tessellation

Skill      XL: |  1 |
---------------+----+-----
Fighting       | 4 |  4.5
Maces & Flails | |  1.5
Dodging        | |  1.5
Stealth        | |  4.1

Action                   || total
-------------------------++-------
Melee: Mace              ||    17
Evoke: Wand              ||     6
  Use: Scroll            ||     5
 Stab: Distracted        ||     1
       Sleeping          ||     1
Armor: Leather armour    ||     6
Dodge: Dodged            ||    18

Table legend: (Time is in decaauts)
 A = Elapsed time spent in this place.
 B = Non-inter-level travel time spent in this place.
 C = Inter-level travel time spent in this place.
 D = Time resting spent in this place.
 E = Time spent auto-exploring this place.
 F = Levels seen in this place.
 G = Mean time per level.
                   A        B        C        D        E       F      G
               +--------+--------+--------+--------+--------+-----+--------+
         Total |   1286 |   1191 |     95 |    345 |    190 |   7 |  183.7 |
       Dungeon |   1011 |    986 |     25 |    345 |      6 |   6 |  168.5 |
        Temple |    275 |    205 |     70 |      0 |    184 |   1 |  275.0 |
               +--------+--------+--------+--------+--------+-----+--------+

Top non-repeatable levels by time:
     D:5: 639 daAuts
  Temple: 275 daAuts
     D:4: 203 daAuts
     D:6: 111 daAuts
     D:7: 49 daAuts
     D:3: 6 daAuts
     D:8: 1 daAuts
